3AAA
HAMILTON COYOTES @ BRINKLEY BELUGAS
06/16/2029
 
TOP OF THE 1ST
Hamilton Coyotes batting - Pitching for Brinkley Belugas : LHP Fernando Padilla
Pitching: LHP Fernando Padilla
Batting: RHB Warren Martin 0-0: Ball
1-0: Ball
2-0: Called Strike
2-1: Swinging Strike
2-2: Foul Ball, location: 2F
2-2: Foul Ball, location: 2F
2-2: Foul Ball, location: 2F
2-2: Strikes out swinging
Batting: RHB Rodrigo Pagán 0-0: Called Strike
0-1: Ball
1-1: Swinging Strike
1-2: Ground out 6-3 (Groundball, 6)
Batting: RHB Juanito González 0-0: Called Strike
0-1: Foul Ball, location: 2F
0-2: Strikes out swinging
Top of the 1st over - 0 runs, 0 hits, 0 errors, 0 left on base; Hamilton 0 - Brinkley 0
BOTTOM OF THE 1ST
Brinkley Belugas batting - Pitching for Hamilton Coyotes : RHP Dave Wheeler
Pitching: RHP Dave Wheeler
Batting: LHB Harold Wiggins 0-0: Ball
1-0: Ball
2-0: SINGLE (Groundball, 6D)
Batting: LHB Marcos Deleón 0-0: Foul Ball, location: 2F
0-1: Ball
1-1: Ball
2-1: SINGLE (Groundball, 34S) (infield hit)
Harold Wiggins to second
Batting: RHB Wu-shiun Wang 0-0: Called Strike
0-1: Ball
1-1: Fly out, F9 (Flyball, 9D)
Runner from 2nd tags up, SAFE at 3rd, no throw
Batting: SHB Mario Domondón 0-0: Ball
Marcos Deleón steals 2nd base
1-0: Ball
2-0: Swinging Strike
2-1: DOUBLE (Groundball, 3L)
Harold Wiggins scores
Marcos Deleón scores
Batting: RHB Orlando Velásquez 0-0: Ball
1-0: Called Strike
1-1: Foul Ball, location: 2F
1-2: Ball
2-2: Foul Ball, location: 2F
2-2: Ground out 6-3 (Groundball, 6)
Batting: RHB Parker Smith 0-0: Foul Ball, location: 2F
0-1: Called Strike
0-2: Foul Ball, location: 2F
0-2: Fly out, F9 (Flyball, 9S)
Bottom of the 1st over - 2 runs, 3 hits, 0 errors, 1 left on base; Hamilton 0 - Brinkley 2
TOP OF THE 2ND
Hamilton Coyotes batting - Pitching for Brinkley Belugas : LHP Fernando Padilla
Batting: RHB Robert Hill 0-0: Ball
1-0: Swinging Strike
1-1: Ball
2-1: Foul Ball, location: 2F
2-2: Strikes out looking
Batting: SHB Martín Marrero 0-0: Ball
1-0: Ball
2-0: Ball
3-0: Called Strike
3-1: Foul Ball, location: 2F
3-2: Foul Ball, location: 2F
3-2: Base on Balls
Batting: LHB Tommy Sullivan 0-0: Ball
1-0: Foul Ball, location: 2F
1-1: Called Strike
1-2: Grounds into double play, 4-6-3 (Groundball, 4)
Top of the 2nd over - 0 runs, 0 hits, 0 errors, 0 left on base; Hamilton 0 - Brinkley 2
BOTTOM OF THE 2ND
Brinkley Belugas batting - Pitching for Hamilton Coyotes : RHP Dave Wheeler
Batting: RHB Jouo Hirschovits 0-0: Ball
1-0: Ball
2-0: Swinging Strike
2-1: Ground out 5-3 (Groundball, 5L)
Batting: RHB Edgardo Bello 0-0: Ball
1-0: Called Strike
1-1: Ball
2-1: Ball
3-1: Base on Balls
Batting: RHB Randy Tucker 0-0: Ball
1-0: Ball
2-0: Ball
3-0: Called Strike
3-1: Called Strike
3-2: Grounds into double play, 4-6-3 (Groundball, 34)
Bottom of the 2nd over - 0 runs, 0 hits, 0 errors, 0 left on base; Hamilton 0 - Brinkley 2
TOP OF THE 3RD
Hamilton Coyotes batting - Pitching for Brinkley Belugas : LHP Fernando Padilla
Batting: RHB Jesús Soto 0-0: Ball
1-0: Swinging Strike
1-1: Called Strike
1-2: Strikes out swinging
Batting: RHB Raleigh Delaney 0-0: Called Strike
0-1: Ball
1-1: Ground out 5-3 (Groundball, 56S)
Batting: RHB Henry Mann 0-0: Called Strike
0-1: Foul Ball, location: 2F
0-2: Ground out 4-3 (Groundball, 4M)
Top of the 3rd over - 0 runs, 0 hits, 0 errors, 0 left on base; Hamilton 0 - Brinkley 2
BOTTOM OF THE 3RD
Brinkley Belugas batting - Pitching for Hamilton Coyotes : RHP Dave Wheeler
Batting: LHB Harold Wiggins 0-0: Ball
1-0: Swinging Strike
1-1: Swinging Strike
1-2: SINGLE (Flyball, 78S)
Batting: LHB Marcos Deleón 0-0: Called Strike
0-1: Called Strike
0-2: Ball
1-2: Ball
2-2: Foul Ball, location: 2F
2-2: Foul Ball, location: 2F
2-2: Foul Ball, location: 2F
2-2: Ball
3-2: Foul Ball, location: 2F
3-2: Base on Balls
Harold Wiggins to second
Batting: RHB Wu-shiun Wang 0-0: Ball
1-0: Ball
2-0: Swinging Strike
2-1: Swinging Strike
2-2: Grounds into double play, 6-4-3 (Groundball, 6)
Harold Wiggins to third
Batting: SHB Mario Domondón 0-0: Called Strike
0-1: Ground out 4-3 (Groundball, 4)
Bottom of the 3rd over - 0 runs, 1 hit, 0 errors, 1 left on base; Hamilton 0 - Brinkley 2
TOP OF THE 4TH
Hamilton Coyotes batting - Pitching for Brinkley Belugas : LHP Fernando Padilla
Batting: RHB Warren Martin 0-0: Ground out 6-3 (Groundball, 6)
Batting: RHB Rodrigo Pagán 0-0: SINGLE (Flyball, 9S)
Batting: RHB Juanito González 0-0: Ball
Rodrigo Pagán is caught stealing 2nd base
1-0: Ball
2-0: Ball
3-0: Base on Balls
Batting: RHB Robert Hill 0-0: Ball
1-0: Fly out, F9 (Flyball, 9)
Top of the 4th over - 0 runs, 1 hit, 0 errors, 1 left on base; Hamilton 0 - Brinkley 2
BOTTOM OF THE 4TH
Brinkley Belugas batting - Pitching for Hamilton Coyotes : RHP Dave Wheeler
Batting: RHB Orlando Velásquez 0-0: Foul Ball, location: 2F
0-1: Ground out 1-3 (Groundball, P)
Batting: RHB Parker Smith 0-0: SINGLE (Line Drive, 34D)
Batting: RHB Jouo Hirschovits 0-0: Ball
1-0: Hit by Pitch
Parker Smith to second
Batting: RHB Edgardo Bello 0-0: Ball
1-0: Ball
2-0: Called Strike
2-1: Called Strike
2-2: Grounds into double play, 4-6-3 (Groundball, 4)
Bottom of the 4th over - 0 runs, 1 hit, 0 errors, 1 left on base; Hamilton 0 - Brinkley 2
TOP OF THE 5TH
Hamilton Coyotes batting - Pitching for Brinkley Belugas : LHP Fernando Padilla
Batting: SHB Martín Marrero 0-0: Ball
1-0: Ball
2-0: Ball
3-0: Base on Balls
Batting: LHB Tommy Sullivan 0-0: Ball
1-0: Sac Bunt - play at first, batter safe!
Martín Marrero to second
Batting: RHB Jesús Soto 0-0: Reached on error, E6 (Groundball, 6)
Martín Marrero to third
Tommy Sullivan to second
Batting: RHB Raleigh Delaney 0-0: Swinging Strike
0-1: Ball
1-1: Called Strike
1-2: Fly out, F9 (Line Drive, 9S)
Runner from 3rd tags up, SCORES, no throw
Batting: RHB Henry Mann 0-0: Ball
Tommy Sullivan steals 3rd base
1-0: Called Strike
1-1: Fly out, F8 (Flyball, 8RM)
Runner from 3rd tags up, OUT at HOME
Top of the 5th over - 1 run, 1 hit, 1 error, 1 left on base; Hamilton 1 - Brinkley 2
BOTTOM OF THE 5TH
Brinkley Belugas batting - Pitching for Hamilton Coyotes : RHP Dave Wheeler
Batting: RHB Randy Tucker 0-0: Ball
1-0: Ball
2-0: Ball
3-0: Called Strike
3-1: Base on Balls
Batting: LHB Harold Wiggins 0-0: Ball
1-0: Sac Bunt - play at first, batter OUT! 5-4
Randy Tucker to second
Batting: LHB Marcos Deleón 0-0: Ball
1-0: Ball
2-0: Ground out 6-3 (Groundball, 6)
Randy Tucker to third
Batting: RHB Wu-shiun Wang 0-0: Swinging Strike
0-1: Ball
1-1: Foul Ball, location: 2F
1-2: Foul Ball, location: 2F
1-2: Fly out, F8 (Flyball, 8RS)
Bottom of the 5th over - 0 runs, 0 hits, 0 errors, 1 left on base; Hamilton 1 - Brinkley 2
TOP OF THE 6TH
Hamilton Coyotes batting - Pitching for Brinkley Belugas : LHP Fernando Padilla
Batting: RHB Warren Martin 0-0: Ball
1-0: DOUBLE (Line Drive, 9LM)
Batting: RHB Rodrigo Pagán 0-0: Fly out, F7 (Line Drive, 7S)
Batting: RHB Juanito González 0-0: Swinging Strike
0-1: Fly out, F5 (Popup, 15)
Batting: RHB Robert Hill 0-0: Foul Ball, location: 2F
0-1: DOUBLE (Line Drive, 7LM)
Warren Martin scores
Batting: SHB Martín Marrero 0-0: Called Strike
0-1: Ball
1-1: Ball
2-1: Foul Ball, location: 2F
2-2: Ball
3-2: Foul Ball, location: 2F
3-2: Base on Balls
Batting: LHB Tommy Sullivan 0-0: Ball
1-0: Fly out, F6 (Flyball, 6D)
Top of the 6th over - 1 run, 2 hits, 0 errors, 2 left on base; Hamilton 2 - Brinkley 2
BOTTOM OF THE 6TH
Brinkley Belugas batting - Pitching for Hamilton Coyotes : RHP Dave Wheeler
Batting: SHB Mario Domondón 0-0: Called Strike
0-1: Ball
1-1: Foul Ball, location: 2F
1-2: Strikes out swinging
Batting: RHB Orlando Velásquez 0-0: Ball
1-0: Called Strike
1-1: Foul Ball, location: 2F
1-2: Foul Ball, location: 2F
1-2: Ball
2-2: Strikes out swinging
Batting: RHB Parker Smith 0-0: Swinging Strike
0-1: Ball
1-1: SINGLE (Groundball, 56D)
Batting: RHB Jouo Hirschovits 0-0: Ball
1-0: Ball
2-0: Called Strike
2-1: Foul Ball, location: 2F
2-2: SINGLE (Groundball, 25) (infield hit)
Parker Smith to second
Batting: RHB Edgardo Bello 0-0: Called Strike
0-1: Swinging Strike
0-2: Ball
1-2: Fielders Choice at 2nd, 6-4 (Groundball, 6)
Bottom of the 6th over - 0 runs, 2 hits, 0 errors, 2 left on base; Hamilton 2 - Brinkley 2
TOP OF THE 7TH
Hamilton Coyotes batting - Pitching for Brinkley Belugas : LHP Fernando Padilla
Batting: RHB Jesús Soto 0-0: Ball
1-0: Foul Ball, location: 2F
1-1: SINGLE (Groundball, 6S) (infield hit)
Batting: RHB Raleigh Delaney 0-0: Sac Bunt - play at first, batter OUT! 2-4
Jesús Soto to second
Pinch Hitting: RHB Bob Sargent 0-0: Intentional Walk
Batting: RHB Warren Martin 0-0: Called Strike
0-1: Foul Ball, location: 2F
0-2: Strikes out looking
Batting: RHB Rodrigo Pagán 0-0: Foul Ball, location: 2F
0-1: Ball
1-1: Ball
2-1: Ball
3-1: Fly out, F8 (Flyball, 8RD)
Top of the 7th over - 0 runs, 1 hit, 0 errors, 2 left on base; Hamilton 2 - Brinkley 2
BOTTOM OF THE 7TH
Brinkley Belugas batting - Pitching for Hamilton Coyotes : RHP Dave Wheeler
Now in RF: Manuel Sánchez
Pinch Hitting: LHB Mike Cook 0-0: Called Strike
0-1: Ball
1-1: Called Strike
1-2: Ball
2-2: SINGLE (Flyball, 9S)
Pitching: LHP Roger Shaw
Pinch Runner at 1st Enrico Betancourt:
Pinch Hitting: RHB Reggie Kahn 0-0: Ball
Enrico Betancourt is caught stealing 2nd base
1-0: Foul Ball, location: 2F
1-1: Ball
2-1: Foul Ball, location: 2F
2-2: Ground out 6-3 (Groundball, 56D)
Batting: LHB Marcos Deleón 0-0: Called Strike
0-1: Ball
1-1: Foul Ball, location: 2F
1-2: Reached on error, E5 (Groundball, 56)
Batting: RHB Wu-shiun Wang 0-0: SINGLE (Groundball, 6D)
Marcos Deleón to second
Runner from 2nd tries for 3rd, SAFE, no throw
Pinch Hitting: RHB Henry Cameron 0-0: Ball
1-0: SINGLE (Line Drive, 6MD)
Marcos Deleón scores
Wu-shiun Wang to second
Runner from 2nd tries for 3rd, SAFE, no throw
Batting: RHB Orlando Velásquez 0-0: Ball
1-0: Ball
2-0: Called Strike
2-1: Ball
3-1: Foul Ball, location: 2F
3-2: Base on Balls
Henry Cameron to second
Batting: RHB Parker Smith 0-0: Ball
1-0: Foul Ball, location: 2F
1-1: Ball
2-1: Swinging Strike
2-2: Foul Ball, location: 2F
2-2: Ball
3-2: Strikes out looking
Bottom of the 7th over - 1 run, 3 hits, 1 error, 3 left on base; Hamilton 2 - Brinkley 3
TOP OF THE 8TH
Hamilton Coyotes batting - Pitching for Brinkley Belugas : LHP Fernando Padilla
Now at 1B: Mario Nieves
Now at SS: Bernardo Hernández
Now in LF: Reggie Kahn
Now in RF: Enrico Betancourt
Batting: RHB Juanito González 0-0: Foul Ball, location: 2F
0-1: Foul Ball, location: 2F
0-2: Ball
1-2: Strikes out swinging
Batting: RHB Robert Hill 0-0: Called Strike
0-1: Called Strike
0-2: Strikes out swinging
Batting: SHB Martín Marrero 0-0: Ball
1-0: Foul Ball, location: 2F
1-1: Ball
2-1: Fly out, F9 (Flyball, 9LSF)
Top of the 8th over - 0 runs, 0 hits, 0 errors, 0 left on base; Hamilton 2 - Brinkley 3
BOTTOM OF THE 8TH
Brinkley Belugas batting - Pitching for Hamilton Coyotes : LHP Roger Shaw
Batting: RHB Jouo Hirschovits 0-0: Ball
1-0: SINGLE (Groundball, 4MD)
Batting: RHB Edgardo Bello 0-0: Foul Ball, location: 2F
0-1: SINGLE (Flyball, 89M)
Jouo Hirschovits to second
Runner from 2nd tries for 3rd, SAFE, no throw
Batting: RHB Enrico Betancourt 0-0: Ball
1-0: SINGLE (Groundball, 6D)
Jouo Hirschovits scores
Edgardo Bello to second
Batting: RHB Reggie Kahn 0-0: Ball
1-0: Ball
2-0: Ball
3-0: Base on Balls
Edgardo Bello to third
Enrico Betancourt to second
Batting: LHB Marcos Deleón 0-0: Ball
1-0: Ball
2-0: Grounds into fielders choice 4-2 (Groundball, 4)
Enrico Betancourt to third
Reggie Kahn to second
Batting: RHB Wu-shiun Wang 0-0: Called Strike
0-1: Ball
1-1: Fly out, F7 (Flyball, 78S)
Runner from 3rd tags up, OUT at HOME
Bottom of the 8th over - 1 run, 3 hits, 0 errors, 2 left on base; Hamilton 2 - Brinkley 4
TOP OF THE 9TH
Hamilton Coyotes batting - Pitching for Brinkley Belugas : LHP Fernando Padilla
Pitching: RHP António Rúbio
Batting: LHB Tommy Sullivan 0-0: Swinging Strike
0-1: Ball
1-1: Ball
2-1: Ball
3-1: Base on Balls
Batting: RHB Jesús Soto 0-0: Ball
1-0: Swinging Strike
1-1: Foul Ball, location: 2F
1-2: Foul Ball, location: 2F
1-2: Grounds into double play, 4-6-3 (Groundball, 4)
Batting: RHB Raleigh Delaney 0-0: Foul Ball, location: 2F
0-1: Called Strike
0-2: Ball
1-2: Fly out, F8 (Flyball, 8LD)
Top of the 9th over - 0 runs, 0 hits, 0 errors, 0 left on base; Hamilton 2 - Brinkley 4
Tuesday, December 19th, 2017 - OOTP Baseball 18.8 Build 76